Unix NetHack Version 5.0.0-0 post-release - last build Jul 14 2026 02:55:29 (1809b74e8187c3a3585e283601c3028b46cbbdcb,branch:main).

Game began 2026-07-15 23:36:21, ended 2026-07-16 00:31:08.

Jinnora, neutral female human Wizard

     -------
     |......#
     |...<.|#
     |.....|#
     |.....|##
     ---+---#                    ----.--------
           ##                    -C.........C|
            ##                  #|.[...C...
             #             #####@h"..-
            #####################|.....{...
    ------#  ###-----           #|..C| @{|
    |....-######%>..|            |...|   |
    |....|    ##|^..|            |...-
    |....|      |....            |....
    |....|      ....|            |C....
    |....|      |...|            -------
    ------      -----

Jinnora the Thaumaturge   St:11 Dx:12 Co:15 In:17 Wi:12 Ch:9  Neutral
Dlvl:5  $:70 HP:0(61) Pw:16(43) AC:1  Xp:7/655 T:3616 

Latest messages:
 You hit the fog cloud.
 You hit the fog cloud.
 You miss the fog cloud.
 You destroy the fog cloud!
 Step into that vapor cloud? [yn] (n) y
 You see here a scroll labeled LEP GEX VEN ZEA.
 P - a scroll labeled LEP GEX VEN ZEA.
 In what direction? <esc>
 Never mind.
 The gnome lady hits!
 You see a gas cloud dissipate.
 You kill the bat!
 The gnome lady hits!
 In what direction? 1
 The spell hits the gnome lady!
 The gnome lady hits!
 In what direction? 1
 The spell hits the gnome lady!
 You kill the gnome lady!
 Welcome to experience level 7.
 You see here a gnome lady corpse.
 Click!  The grid bug triggers a rolling boulder trap.
 You miss the grid bug.
 You kill the grid bug!
 You kill the grid bug!
 There is a gnome lady corpse here; eat it? [ynq] (n) y
 This gnome lady corpse is tough.
 You finish eating the gnome lady corpse.
 You hear crashing rock.
 You see here a square amulet.
 The dwarf lady wields a long sword named Fire Brand!
 In what direction? 6
 The spell misses the dwarf lady.
 The dwarf lady swings her long sword named Fire Brand.
 The fiery blade burns you!
 The dwarf lady swings her long sword named Fire Brand.
 The fiery blade burns you!
 In what direction? 6
 The spell misses the dwarf lady.
 In what direction? 6
 The spell misses the dwarf lady.
 In what direction? 6
 The spell hits the dwarf lady!
 The dwarf lady swings her long sword named Fire Brand.
 The fiery blade burns you!
 The dwarf lady swings her long sword named Fire Brand.
 The fiery blade burns you!
 Your scroll labeled KIRJE catches fire and burns!
 You die...
 Do you want your possessions identified? [ynq] (y) q

Inventory:
 Coins    ('$')
  $ - 70 gold pieces
 Weapons  (')')
  H - 6 blessed +1 darts
  z - 8 cursed -1 darts
  U - 2 uncursed +1 daggers
  I - 3 uncursed +0 daggers
  K - an uncursed +0 elven dagger
  a - a blessed +1 quarterstaff (weapon in hands)
 Armor    ('[')
  b - a blessed +1 cloak of magic resistance (being worn)
  q - an uncursed +1 dwarvish mithril-coat (being worn)
 Comestibles  ('%')
  V - 3 uncursed food rations
  l - an uncursed fortune cookie
  A - 3 uncursed lembas wafers
  X - an uncursed pancake
  t - 2 cursed eggs
 Scrolls  ('?')
  Z - an uncursed scroll of blank paper
  G - a blessed scroll of create monster
  J - an uncursed scroll of create monster
  L - a blessed scroll of destroy armor
  s - a blessed scroll of enchant weapon
  w - an uncursed scroll of food detection
  M - a blessed scroll of gold detection
  k - an uncursed scroll of gold detection
  P - an uncursed scroll of light
  O - a cursed scroll of light
  i - an uncursed scroll of scare monster named cursed
  N - an uncursed scroll of stinking cloud
  S - a blessed scroll of teleportation
 Spellbooks  ('+')
  x - an uncursed spellbook of drain life
 Potions  ('!')
  v - an uncursed potion of extra healing
  f - an uncursed potion of gain ability
  o - 2 blessed potions of healing
  Y - 2 uncursed potions of healing
  g - an uncursed potion of sickness
  h - an uncursed potion of water
 Rings    ('=')
  Q - an uncursed ring of free action
  p - a cursed -1 ring of increase accuracy
  y - a cursed ring of polymorph
  e - an uncursed ring of regeneration
  d - an uncursed ring of teleportation
 Wands    ('/')
  c - an uncursed wand of sleep (0:6)
  m - an uncursed wand of teleportation (0:3)
 Tools    ('(')
  n - an uncursed magic marker (0:19)
  D - an uncursed stethoscope
  u - a cursed stethoscope
 Gems/Stones  ('*')
  E - an uncursed dilithium crystal
  B - 2 uncursed worthless pieces of black glass
  R - an uncursed worthless piece of blue glass
  j - an uncursed worthless piece of green glass
  F - 4 uncursed worthless pieces of red glass
  r - 2 uncursed worthless pieces of white glass
  W - 3 uncursed worthless pieces of yellowish brown glass

Jinnora the Wizard's attributes:

Background:
 You were a Thaumaturge, a level 7 female human Wizard.
 You were neutral, on a mission for Thoth
 who was opposed by Ptah (lawful) and Anhur (chaotic).
 You were right-handed.
 You were in the Dungeons of Doom, on level 5.
 You entered the dungeon 3616 turns ago.
 It was the midnight hour.
 There was a new moon in effect when your adventure ended.
 You had 655 experience points, 625 more were needed to attain level 8.

Basics:
 You had 0 out of 61 hit points.
 You had 16 out of 43 energy points (spell power).
 Your armor class was 1.
 Your wallet contained 70 zorkmids.
 Autopickup was off.

Final Characteristics:
 Your strength was 11 (limit:18/100).
 Your dexterity was 12 (limit:18).
 Your constitution was 15 (limit:18).
 Your intelligence was 17 (limit:18).
 Your wisdom was 12 (limit:18).
 Your charisma was 9 (limit:18).

Final Status:
 You weren't hungry.
 You were unencumbered.
 You were wielding a quarterstaff.
 You had basic skill with quarterstaff and could have enhanced that.

Final Attributes:
 You were piously aligned.
 You were magic-protected.
 You were telepathic.
 You were guarded.
 Your spell casting was impaired by metallic armor.
 You are dead.

Miscellaneous:
 You didn't encounter any bones levels.
 Total elapsed playing time was 54 minutes and 26 seconds.

Major events:
 Turn
    1: Jinnora the neutral female human Wizard entered the dungeon
  519: entered the Gnomish Mines
  601: attained the rank of Conjurer (level 3)
 2020: attained the rank of Thaumaturge (level 6)
 2149: reached Mine Town
 3610: found Fire Brand carried by a monster
 3616: killed by a dwarf lady

Spells:
 Name                 Level Category     Fail Retention
 force bolt             1   attack        18%   81%-90%
 drain life             2   attack        18%   81%-90%
 healing                1   healing       18%  76%-100%
 remove curse           3   clerical      98%  76%-100%
 teleport away          6   escape       100%  76%-100%

Skills:
 Fighting Skills
   bare handed combat [Unskilled]
   riding             [Unskilled]
 Weapon Skills
   dagger             [Unskilled]
   knife              [Unskilled]
   axe                [Unskilled]
   short sword        [Unskilled]
   club               [Unskilled]
   mace               [Unskilled]
   quarterstaff       [Basic]
   polearms           [Unskilled]
   spear              [Unskilled]
   trident            [Unskilled]
   sling              [Unskilled]
   dart               [Unskilled]
   shuriken           [Unskilled]
 Spellcasting Skills
   attack spells      [Basic]
   healing spells     [Unskilled]
   divination spells  [Unskilled]
   enchantment spells [Basic]
   clerical spells    [Unskilled]
   escape spells      [Unskilled]
   matter spells      [Unskilled]

Voluntary challenges:
 Character rerolling was not enabled.
 You never genocided any monsters.
 You never polymorphed an object.
 You never changed form.
 You used no wishes.
Achievements:
 You entered a shop.
 You entered the Gnomish Mines.
 You attained the rank of Conjurer.
 You attained the rank of Thaumaturge.
 You entered Minetown.
 You entered a temple.

 The Dungeons of Doom: levels 1 to 6
    Level 1:
       Some fountains.
    Level 2:
       A weapon shop, a fountain.
       Stairs down to The Gnomish Mines.
    Level 3:
       A sink.
    Level 4:
       A fountain.
    Level 5: <- You were here.
       Some fountains.
       Final resting place for
          you, killed by a dwarf lady.
    Level 6:
 The Gnomish Mines: levels 3 to 6
    Level 3:
    Level 4:
    Level 5:
    Level 6:
       Many shops, a temple and an altar, some fountains.


Vanquished creatures:
  a rock mole
  a pony
  a fog cloud
  5 gnome leaders
  2 gnomish wizards
  a paper golem
  5 giant ants
  a floating eye
  a kitten
  9 dwarves
  a kobold leader
  a centipede
  a giant bat
  2 iguanas
  2 acid blobs
  3 hobbits
  a large kobold
  5 giant rats
  5 cave spiders
  a yellow mold
 27 gnomes
  2 jackals
  a fox
  3 kobolds
  3 goblins
 10 grid bugs
  2 bats
  a lichen
  3 kobold zombies
  3 newts
104 creatures vanquished.

No species were genocided or became extinct.

Game over:
                       ----------
                      /          \
                     /    REST    \
                    /      IN      \
                   /     PEACE      \
                  /                  \
                  |     Jinnora      |
                  |      70 Au       |
                  |   killed by a    |
                  |    dwarf lady    |
                  |                  |
                  |                  |
                  |       2026       |
                 *|     *  *  *      | *
        _________)/\\_//(\/(/\)/\//\/|_)_______

Goodbye Jinnora the Wizard...

You died in The Dungeons of Doom on dungeon level 5 with 2933 points,
and 70 pieces of gold, after 3616 moves.
You were level 7 with a maximum of 61 hit points when you died.

